 Dungeon Crawl Stone Soup version 0.27-a0-819-g058290f16d (webtiles) character file.

Game seed: 435852602365087325

229172 dolemite99 the Severer (level 18, -1/255 HPs)
             Began as a Minotaur Gladiator on Mar 29, 2021.
             Was the Champion of Wu Jian.
             Succumbed to a naga mage's bolt of poison
             ... on level 4 of the Snake Pit on Mar 30, 2021.
             The game lasted 01:10:12 (54025 turns).

dolemite99 the Severer (Minotaur Gladiator)        Turns: 54025, Time: 01:10:13

Health: -1/255     AC: 35    Str: 33    XL:     18   Next: 72%
Magic:  17/17      EV: 11    Int:  5    God:    Wu Jian [******]
Gold:   797        SH: 17    Dex: 10    Spells: 17/17 levels left

rFire    . . .     SeeInvis .   a - +2 broad axe (vorpal)
rCold    + . .     Faith    .   E - +2 kite shield
rNeg     + . .     Spirit   .   H - +4 pearl dragon scales
rPois    .         Reflect  .   Q - +2 hat
rElec    .         Harm     .   K - +2 cloak {rCorr}
rCorr    +         Rampage  .   W - +3 pair of gauntlets of War {Slay+5}
Will     ++...                  l - +2 pair of boots
Stlth    ..........             q - amulet of Mivi {rC+ Regen+ Str+8 Dex-4}
HPRegen  1.52/turn              h - ring of willpower {=R}
MPRegen  0.15/turn              c - +4 ring of slaying

@: berserking, lethally poisoned (-1 -> -43), slowed, constricted, studying Bows
A: horns 2, retaliatory headbutt
}: 1/15 runes: decaying
a: Renounce Religion, Wall Jump, Serpent's Lash, Heavenly Storm


You were on level 4 of the Snake Pit.
You worshipped Wu Jian.
Wu Jian was exalted by your worship.
You visited 5 branches of the dungeon, and saw 31 of its levels.

You collected 3958 gold pieces.
You spent 3161 gold pieces at shops.

Inventory:

Hand Weapons
 a - a +2 vorpal broad axe (weapon)
 b - a +0 hand crossbow of freezing
Missiles
 g - 220 bolts
 I - 6 throwing nets (quivered)
 V - 9 curare-tipped darts
Armour
 l - a +2 pair of boots (worn)
 E - a +2 kite shield (worn)
 F - a +0 tower shield
 H - +4 pearl dragon scales (worn)
 K - a +2 cloak of preservation (worn)
 Q - a +2 hat (worn)
 W - the +3 pair of gauntlets of War (worn) {Slay+5}
   (You acquired it on level 2 of the Snake Pit)

   It affects your accuracy and damage with ranged weapons and melee attacks
   (+5).
Jewellery
 c - a +4 ring of slaying (right hand)
 d - a ring of willpower
 f - a ring of positive energy
 h - a ring of willpower (left hand) {=R}
 m - a ring of poison resistance
 q - the amulet of Mivi (around neck) {rC+ Regen+ Str+8 Dex-4}
   (You bought it in a shop on level 2 of the Orcish Mines)

   [amulet of regeneration]

   It affects your strength (+8).
   It affects your dexterity (-4).
   It protects you from cold.
   It increases your rate of health regeneration.
 r - a ring of see invisible
 M - a ring of protection from fire
Wands
 k - a wand of mindburst (5)
 p - a wand of digging (2)
 u - a wand of random effects (87)
 A - a wand of iceblast (22)
 T - a wand of polymorph (45)
 Z - a wand of flame (43)
Scrolls
 e - a scroll of silence
 i - 10 scrolls of magic mapping
 n - a scroll of torment
 s - a scroll of enchant armour
 t - 12 scrolls of teleportation
 w - 4 scrolls of fog
 z - 2 scrolls of blinking
 G - 2 scrolls of fear
 J - 2 scrolls of holy word
 Y - 14 scrolls of identify {@r1}
Potions
 j - a potion of cancellation
 v - 3 potions of ambrosia
 x - 3 potions of haste
 B - 10 potions of brilliance
 C - 16 potions of curing
 N - 2 potions of attraction
 P - a potion of magic
 R - 4 potions of flight
 S - 2 potions of invisibility
 U - a potion of might
 X - 3 potions of resistance
Miscellaneous
 o - a condenser vane (inert)
 L - a tin of tremorstones (inert)
 O - a box of beasts


   Skills:
 + Level 17.5 Fighting
 - Level 18.0 Axes
 - Level 9.7 Crossbows
 - Level 2.0 Throwing
 + Level 16.4 Armour
 - Level 12.5 Dodging
 - Level 16.4 Shields
 - Level 11.1 Evocations


You had 17 spell levels left.
You didn't know any spells.
Your spell library contained the following spells:

 Spells                   Type           Power      Damage    Failure   Level
 Animate Skeleton         Necr           0%         N/A       67%         1
 Apportation              Tloc           0%         N/A       67%         1
 Corona                   Hex            0%         N/A       67%         1
 Magic Dart               Conj           0%         1d3       67%         1
 Summon Small Mammal      Summ           0%         N/A       67%         1
 Blink                    Tloc           N/A        N/A       80%         2
 Call Imp                 Summ           0%         N/A       80%         2
 Poisonous Vapours        Pois/Air       0%         N/A       80%         2
 Searing Ray              Conj           0%         3d3       80%         2
 Slow                     Hex            0%         N/A       80%         2
 Conjure Flame            Conj/Fire      0%         6-21      95%         3
 Dazzling Flash           Conj/Hex       0%         N/A       95%         3
 Mephitic Cloud           Conj/Pois/Air  0%         N/A       95%         3
 Cause Fear               Hex            0%         N/A       100%        4
 Fulminant Prism          Conj/Hex       0%         3d6       100%        4
 Iskenderun's Mystic Bla  Conj/Tloc      0%         2d3       100%        4
 Silence                  Hex/Air        0%         N/A       100%        5
 Yara's Violent Unravell  Hex/Tmut       0%         3d3       100%        5
 Freezing Cloud           Conj/Ice/Air   0%         6-21      100%        6
 Discord                  Hex            0%         N/A       100%        8


Dungeon Overview and Level Annotations

Branches:
Dungeon (15/15)            Temple (0/1) D:5            Lair (6/6) D:10
  Swamp (4/4) Lair:2        Snake (4/4) Lair:4        Slime (0/5) Lair:6
    Orc (2/2) D:12            Elf (0/3) Orc:2        Vaults (0/5) D:14
 Depths (0/5) D:15

Altars:
Cheibriados
Dithmenos
Elyvilon
Kikubaaqudgha
Nemelex Xobeh
Okawaru
Qazlal
Ru
Trog
Wu Jian
Zin
The Shining One

Shops:
D:11 *   D:13 (   D:15 (   Orc:2 (**=   Snake:1 ((   Snake:2 ?[=?   Snake:4 ?

Portals:
Trove: D:10 (give 6 scrolls of fear)

Annotations:
D:4 Blork the orc


Innate Abilities, Weirdness & Mutations

You have a pair of horns on your head.
You reflexively headbutt those who attack you in melee.


Message History

The salamander mystic blinks into view!
The nagaraja spits poison at you. The splash of poison misses you.
The splash of poison hits the guardian serpent.
The nagaraja constricts you. You block the naga mage's attack.
The guardian serpent hits you but does no damage.
The salamander mystic hits you but does no damage.
The guardian serpent hits you but does no damage.
You block the nagaraja's attack.
* * * LOW HITPOINT WARNING * * *
The nagaraja constricts you. The naga mage closely misses you.
You furiously retaliate!
You headbutt the naga mage.
You block the guardian serpent's attack.
The salamander mystic closely misses you.
You furiously retaliate!
You headbutt the salamander mystic!
Blink to where?
Press: ? - help, Dir - move target The nagaraja's grasp on you weakens, but your attempt to escape fails.
As you read the scroll of blinking, it crumbles to dust.
You feel very sick.
You block the guardian serpent's attack.
The nagaraja gestures at you while chanting.
The poison arrow hits you!
You are more poisoned.
* * * LOW HITPOINT WARNING * * *
The nagaraja constricts you. The naga mage casts a spell at you.
The bolt of poison hits you.
You are more poisoned.
* * * LOW HITPOINT WARNING * * *
You block the guardian serpent's attack.
The guardian serpent hits you.
* * * LOW HITPOINT WARNING * * *
The nagaraja hits you but does no damage.
The nagaraja constricts you. You block the naga mage's attack.
The salamander mystic hits you but does no damage.
The guardian serpent hits you but does no damage. x2
A red film seems to cover your vision as you go berserk!
You feel yourself moving faster!
You feel mighty!
You die...

#.###.# §≈.. ##.#..#### §≈≈.
##.)÷...# §§≈≈. ##### ####...)
§§§≈. ##...## #####
§≈§≈≈k##.....## # §§≈§≈N#.......#
#### ≈≈≈≈≈.SNN.....####).###
#@S)....#...)...##
##N)...##.###..).# ##
##'#)..##..# ##)÷.. .#
#..+#####'## ##.). .##
##...#≈≈≈..# ###.. ).##
##...##≈≈≈..# ##.... ...###
###...##§≈≈).#####..).#
#....######....##§≈§..##......###
##.........)..##≈§§§.##......##


You could see a nagaraja (fast, strong, catching breath), a salamander mystic, a
lindwurm, 2 guardian serpents and 2 naga magi.

Vanquished Creatures
  A tentacled monstrosity (Swamp:3)
  3 thorn hunters
  5 nagarajas (Snake:4)
  Aizul (Swamp:4)
  An orc warlord (Orc:1)
  2 ghouls (Swamp:4)
  3 bunyips
  A spark wasp (Snake:2)
  Snorg (Orc:1)
  A fire dragon (Lair:6)
  A salamander tyrant (Snake:4)
  5 eleionomae
  Josephine (Snake:1)
  Harold (Lair:2)
  17 naga warriors
  23 hydras
  4 boulder beetles
  A spriggan air mage (Swamp:3)
  5 ogre magi
  2 ghost crabs
  A catoblepas (Lair:5)
  4 centaur warriors
  8 anacondas
  7 death yaks
  5 alligators
  26 two-headed ogres
  2 tengu warriors (D:15)
  An orc high priest (Orc:1)
  14 naga sharpshooters
  Urug (Lair:2)
  A spriggan berserker (Swamp:3)
  11 shock serpents
  Sonja (Orc:1)
  A fire crab (shapeshifter) (D:15)
  4 goliath frogs
  4 salamander mystics (Snake:4)
  4 spriggan druids
  6 bog bodies
  A flayed ghost (D:15)
  A spark wasp zombie (D:15)
  8 swamp dragons
  10 naga ritualists
  2 necromancers
  A wizard (D:14)
  9 lindwurms
  11 mana vipers
  A harpy (shapeshifter) (D:14)
  3 deep elf pyromancers
  A stone giant zombie (D:15)
  2 orc sorcerers
  2 cyclopes
  A manticore (Lair:4)
  9 elephants
  8 salamanders
  A fire giant zombie (D:15)
  13 ugly things
  3 will-o-the-wisps
  8 guardian serpents
  23 naga magi
  47 black mambas
  2 torpor snails (Lair:6)
  2 gargoyles
  8 cane toads
  Maggie (Lair:2)
  An unseen horror (D:10)
  A yaktaur (shapeshifter) (D:14)
  7 rime drakes
  A kobold demonologist (D:13)
  A tengu conjurer (D:15)
  11 komodo dragons
  7 trolls
  9 hornets
  2 guardian mummies (D:15)
  5 meliai
  9 tyrant leeches
  24 blink frogs
  Prince Ribbit (D:7)
  Grinder (D:4)
  5 slime creatures
  11 dream sheep
  A deep troll zombie (D:15)
  A centaur simulacrum (D:15)
  A shadow (D:11)
  8 spriggans
  55 yaks
  A vampire (D:11)
  5 wraiths
  5 basilisks
  7 wyverns
  A redback simulacrum (D:15)
  4 steam dragons
  17 vampire mosquitoes
  13 swamp worms
  4 wargs (Orc:1)
  2 acid dragons
  54 nagas
  A hell hound (Lair:4)
  23 water moccasins
  14 swamp drakes
  10 orc warriors
  A sky beast (D:5)
  2 black bears
  7 necrophages
  32 ogres
  9 centaurs
  A phantom (D:6)
  11 wolves
  6 kobold brigands
  11 bullfrogs
  A gnoll sergeant (D:10)
  A scorpion (D:10)
  A wyvern skeleton (D:7)
  5 killer bees (D:14)
  3 howler monkeys
  3 electric eels (Lair:2)
  A bullfrog zombie (D:7)
  2 hounds
  2 centaur zombies
  8 orc priests
  14 jellies
  Crazy Yiuf (D:7)
  A gnoll shaman (D:10)
  A bullfrog skeleton (D:4)
  Jessica (D:2)
  5 iguanas
  Natasha (twice) (D:2)
  10 orc wizards
  3 hell rats (Lair:4)
  A hound zombie (D:5)
  A howler monkey zombie (D:5)
  8 gnolls
  3 adders
  2 shadow imps (D:6)
  3 worms
  3 dart slugs
  21 orcs
  2 ball pythons
  9 endoplasms
  A giant cockroach (D:3)
  4 goblins
  9 hobgoblins
  12 jackals
  22 kobolds
  4 quokkas
  8 bats
  2 frilled lizards
  A rat (D:1)
942 creatures vanquished.

Vanquished Creatures (collateral kills)
  Louise (D:15)
  A death yak (Lair:6)
  2 swamp dragons (Swamp:4)
  A guardian serpent (Snake:3)
  A cane toad (Lair:6)
  A naga (Snake:4)
7 creatures vanquished.

Vanquished Creatures (others)
  A bloated husk (Swamp:2)
  A spriggan (Swamp:2)
  2 bushes
  20 foxfires
  83 fungi
  111 plants
  4 withered plants (D:15)
222 creatures vanquished.

Grand Total: 1171 creatures vanquished

Notes
Turn   | Place    | Note
-------+----------+-------------------------------------------
     0 | D:1      | dolemite99 the Minotaur Gladiator began the quest for the
                  | Orb.
     0 | D:1      | Reached XP level 1. HP: 18/18 MP: 0/0
    48 | D:1      | Reached skill level 4 in Axes
   432 | D:1      | Reached XP level 2. HP: 25/25 MP: 1/1
   771 | D:1      | Reached skill level 5 in Axes
  1140 | D:2      | Reached XP level 3. HP: 19/30 MP: 2/2
  1686 | D:2      | Noticed Jessica
  1710 | D:2      | Killed Jessica
  1711 | D:2      | Reached skill level 6 in Axes
  1711 | D:2      | Reached XP level 4. HP: 37/37 MP: 3/3
  2348 | D:2      | Noticed Natasha
  2353 | D:2      | Killed Natasha
  2695 | D:2      | Noticed Natasha
  2705 | D:2      | Killed Natasha
  2732 | D:3      | Noticed a black bear
  2740 | D:3      | Found a faded altar of an unknown god.
  3331 | D:2      | Killed a black bear
  3332 | D:2      | Reached skill level 7 in Axes
  3332 | D:2      | Reached XP level 5. HP: 13/42 MP: 1/4
  3814 | D:3      | Found a white marble altar of Elyvilon.
  3814 | D:3      | Found a glowing silver altar of Zin.
  3815 | D:3      | Found a glowing golden altar of the Shining One.
  4055 | D:3      | Found a sparkling altar of Nemelex Xobeh.
  4090 | D:3      | Reached skill level 8 in Axes
  4288 | D:3      | Found a stormy altar of Qazlal.
  4394 | D:3      | You fall into a shaft and drop 3 floors!
  4413 | D:6      | Noticed a centaur
  4421 | D:6      | Killed a centaur
  4422 | D:6      | Reached XP level 6. HP: 45/50 MP: 5/5
  4466 | D:5      | Entered Level 5 of the Dungeon
  4492 | D:5      | Found an ornate altar of the Wu Jian Council.
  4499 | D:5      | Noticed a spectral centipede
  4499 | D:5      | Noticed a spectral black mamba
  4499 | D:5      | Noticed a spectral cane toad
  4500 | D:5      | Became a worshipper of the Wu Jian Council
  4516 | D:5      | Noticed a sky beast
  4527 | D:5      | Killed a sky beast
  4528 | D:5      | Reached skill level 9 in Axes
  4613 | D:5      | Found a staircase to the Ecumenical Temple.
  4650 | D:5      | Reached XP level 7. HP: 40/56 MP: 4/6
  4678 | D:4      | Noticed Grinder
  5831 | D:4      | Found an iron altar of Okawaru.
  6013 | D:4      | Found a sacrificial altar of Ru.
  6015 | D:4      | Found a bloodstained altar of Trog.
  6069 | D:4      | Reached skill level 10 in Axes
  6184 | D:4      | Paralysed by Grinder for 4 turns
  6195 | D:4      | Paralysed by Grinder for 4 turns
  6202 | D:4      | Killed Grinder
  6439 | D:4      | Noticed Blork the orc
  6640 | D:5      | Reached skill level 11 in Axes
  7152 | D:6      | Reached XP level 8. HP: 55/62 MP: 7/7
  7682 | D:6      | Reached skill level 12 in Axes
  7711 | D:6      | Found a snail-covered altar of Cheibriados.
  7723 | D:6      | Reached * piety under Wu Jian
  8281 | D:7      | Found a runed translucent door.
  8282 | D:7      | Noticed Crazy Yiuf
  8460 | D:7      | Reached skill level 13 in Axes
  8481 | D:7      | Found an ancient bone altar of Kikubaaqudgha.
  8545 | D:7      | Noticed Prince Ribbit
  8558 | D:7      | Killed Prince Ribbit
  8825 | D:7      | Reached XP level 9. HP: 68/68 MP: 8/8
  8991 | D:7      | Killed Crazy Yiuf
  9524 | D:8      | HP: 2/72 [steam dragon/ball of steam (9)]
  9528 | D:8      | Reached skill level 5 in Fighting
 10332 | D:8      | Found a shadowy altar of Dithmenos.
 11277 | D:8      | Noticed a three-headed hydra
 11739 | D:8      | Killed a three-headed hydra
 11740 | D:8      | Reached skill level 10 in Fighting
 11740 | D:8      | Reached XP level 10. HP: 31/94 MP: 3/9
 12096 | D:9      | Reached skill level 1 in Armour
 12119 | D:9      | Noticed a two-headed ogre
 12133 | D:8      | Killed a two-headed ogre
 12508 | D:8      | Reached skill level 5 in Armour
 12806 | D:9      | Reached skill level 5 in Dodging
 12906 | D:9      | Noticed a two-headed ogre
 12912 | D:9      | Killed a two-headed ogre
 13382 | D:9      | Paralysed by a hornet for 1 turns
 13983 | D:10     | Entered Level 10 of the Dungeon
 14119 | D:10     | Reached ** piety under Wu Jian
 14129 | D:10     | Reached XP level 11. HP: 101/101 MP: 10/10
 14146 | D:10     | Found a staircase to the Lair.
 14167 | D:10     | Reached skill level 1 in Shields
 14390 | D:10     | Found a portal to a secret trove of treasure.
 15555 | Lair:1   | Entered Level 1 of the Lair of Beasts
 15931 | Lair:1   | Reached skill level 14 in Axes
 16454 | Lair:1   | Reached skill level 1 in Evocations
 17032 | Lair:2   | Noticed a bog body
 17057 | Lair:2   | Reached *** piety under Wu Jian
 17076 | Lair:2   | Killed a bog body
 17077 | Lair:2   | Reached skill level 5 in Evocations
 17421 | Lair:2   | Noticed a bog body
 17427 | Lair:2   | Killed a bog body
 17428 | Lair:2   | Reached XP level 12. HP: 23/108 MP: 3/11
 17823 | Lair:2   | Found a staircase to the Swamp.
 18116 | Lair:2   | Noticed Urug
 18126 | Lair:2   | Killed Urug
 18898 | Lair:2   | Noticed Harold
 18917 | Lair:2   | Killed Harold
 19555 | Lair:2   | Reached skill level 1 in Crossbows
 19798 | Lair:2   | Noticed Maggie
 19809 | Lair:2   | Killed Maggie
 20502 | Lair:3   | Reached skill level 5 in Crossbows
 21338 | Lair:4   | Reached skill level 10 in Armour
 21712 | Lair:4   | Reached **** piety under Wu Jian
 22002 | Lair:4   | Reached skill level 15 in Axes
 22002 | Lair:4   | Reached XP level 13. HP: 81/117 MP: 8/12
 22635 | Lair:4   | Found a staircase to the Snake Pit.
 23039 | Lair:5   | Reached skill level 5 in Shields
 23482 | Lair:5   | Identified the +0 leather armour "Ecvuy" {rElec Str-2 Dex+7
                  | Stlth+}
 23713 | Lair:6   | Entered Level 6 of the Lair of Beasts
 23919 | Lair:6   | Reached skill level 10 in Shields
 25042 | Lair:6   | Reached ***** piety under Wu Jian
 26042 | Lair:6   | Reached XP level 14. HP: 120/125 MP: 13/13
 26859 | Lair:6   | Found a staircase to the Slime Pits.
 30141 | D:11     | Reached skill level 10 in Dodging
 30204 | D:11     | Found Paotzi's Assorted Antiques.
 30211 | D:11     | Bought a scroll of enchant armour for 172 gold pieces
 30211 | D:11     | Bought a copper ring for 115 gold pieces
 31037 | D:12     | Found a staircase to the Orcish Mines.
 31243 | D:12     | Identified the +5 trident "Lokaiss" {flame, Str+4 Int+3}
 31270 | D:12     | You fall into a shaft and drop 1 floor!
 31590 | Orc:1    | Entered Level 1 of the Orcish Mines
 31992 | Orc:1    | Noticed an orc warlord
 31998 | Orc:1    | Reached ****** piety under Wu Jian
 32006 | Orc:1    | Killed an orc warlord
 32505 | Orc:1    | Noticed Sonja
 32515 | Orc:1    | Noticed Snorg
 32538 | Orc:1    | Killed Snorg
 32547 | Orc:1    | Killed Sonja
 33121 | Orc:2    | Entered Level 2 of the Orcish Mines
 33145 | Orc:2    | Found a staircase to the Elven Halls.
 33491 | Orc:2    | Reached XP level 15. HP: 107/134 MP: 11/14
 33952 | Orc:2    | Paralysed by an ogre mage for 6 turns
 34522 | Orc:2    | Found Quqametu's Jewellery Shoppe.
 34522 | Orc:2    | Found Cogoofre's Assorted Antiques.
 34523 | Orc:2    | Found Vajof's General Store.
 34523 | Orc:2    | Found Pumnux's Antique Weapon Emporium.
 34655 | Orc:2    | Bought a broad axe for 136 gold pieces
 35060 | Orc:2    | Bought a potion of invisibility for 120 gold pieces
 35060 | Orc:2    | Bought a scroll of blinking for 112 gold pieces
 35060 | Orc:2    | Bought a scroll of magic mapping for 52 gold pieces
 35060 | Orc:2    | Bought a potion of heal wounds for 75 gold pieces
 35071 | Orc:2    | Bought a yellow potion for 34 gold pieces
 35071 | Orc:2    | Bought a potion of heal wounds for 190 gold pieces
 35071 | Orc:2    | Bought an embroidered cloak for 285 gold pieces
 35102 | Orc:2    | Bought a scroll of vulnerability for 285 gold pieces
 35102 | Orc:2    | Bought a scroll of identify for 76 gold pieces
 35103 | Orc:2    | Bought the amulet of Mivi {rC+ Regen+ Str+8 Dex-4} for 733
                  | gold pieces
 35807 | D:13     | Found Doci's Weapon Emporium.
 35818 | D:13     | Reached skill level 16 in Axes
 36986 | D:14     | Found a gate to the Vaults.
 36992 | D:14     | Reached skill level 17 in Axes
 37128 | D:14     | Identified the +2 halberd of Hepliaklqana {vorpal, rPois
                  | Str+9 Int-3 Dex-4}
 37149 | D:15     | Entered Level 15 of the Dungeon
 37385 | D:15     | Found Axeoqil's Antique Weapon Shoppe.
 37560 | D:15     | Found a staircase to the Depths.
 37936 | D:15     | Noticed Louise
 37948 | D:15     | Killed Louise
 38024 | D:15     | Identified the +8 plate armour of the Carved Hot Ocelot
                  | {Rampage rPois rC- Int+7}
 38166 | D:15     | Reached XP level 16. HP: 96/145 MP: 15/15
 39743 | Snake:1  | Entered Level 1 of the Snake Pit
 39846 | Snake:1  | Found Onuimesi's Weapon Boutique.
 39846 | Snake:1  | Noticed Josephine
 39857 | Snake:1  | Killed Josephine
 40066 | Snake:1  | Found Sothroni's Weapon Shop.
 41455 | Snake:2  | Found Kiwug's Magic Scroll Emporium.
 41459 | Snake:2  | Found Jasaruas's Antique Armour Shoppe.
 41851 | Snake:2  | Bought a scroll of enchant weapon for 127 gold pieces
 41999 | Snake:2  | Identified a scroll of acquirement
 41999 | Snake:2  | Acquired the +3 pair of gauntlets of War {Slay+5}
 42000 | Snake:2  | Found the +3 pair of gauntlets of War {Slay+5}
 42080 | Snake:2  | Found Punlokel's Magic Scroll Emporium.
 42089 | Snake:2  | Reached skill level 15 in Fighting
 42095 | Snake:2  | Bought a scroll of enchant weapon for 150 gold pieces
 42096 | Snake:2  | Bought a scroll of blinking for 150 gold pieces
 42096 | Snake:2  | Bought a scroll of fear for 70 gold pieces
 42471 | Snake:2  | Found Siajo's Jewellery Shop.
 43890 | Snake:3  | Reached XP level 17. HP: 148/158 MP: 16/16
 44645 | Swamp:1  | Entered Level 1 of the Swamp
 46147 | Swamp:2  | Reached skill level 10 in Evocations
 48240 | Swamp:3  | Noticed a tentacled monstrosity
 48264 | Swamp:3  | Killed a tentacled monstrosity
 48265 | Swamp:3  | Reached skill level 15 in Armour
 48408 | Swamp:4  | Entered Level 4 of the Swamp
 48898 | Swamp:4  | Noticed Aizul
 49893 | Swamp:4  | Reached XP level 18. HP: 168/168 MP: 17/17
 49945 | Swamp:4  | Got a decaying rune of Zot
 50025 | Swamp:4  | Reached skill level 18 in Axes
 50428 | Swamp:4  | Killed Aizul
 50728 | Snake:4  | Entered Level 4 of the Snake Pit
 51013 | Snake:4  | Found Wadur Beu's Magic Scroll Shop.
 51027 | Snake:4  | Bought a scroll of enchant armour for 82 gold pieces
 51027 | Snake:4  | Bought a scroll of enchant armour for 82 gold pieces
 51027 | Snake:4  | Bought a scroll of blinking for 82 gold pieces
 51027 | Snake:4  | Bought a scroll of teleportation for 33 gold pieces
 51428 | Snake:4  | Reached skill level 15 in Shields
 54025 | Snake:4  | Succumbed to a naga mage's bolt of poison

Illustrated notes

Levels and vault maps discovered:
D:1:      shiori_arrival_elements, layout_loops_corners,
          chequers_serial_rivers_micro_d
D:2:      layout_basic, uniq_natasha, uniq_jessica
D:3:      layout_basic, regret_index_temple_of_mockery, good_gods_mini_temple,
          nemelex_xobeh_ov_fountains_minmay, nicolae_qazlal_general_emergency,
          chequers_ecumenical_altar_island
D:4:      layout_cave_pools, okawaru_metal_pillars_1_2, tgw_sif, minitemple,
          uniq_grinder
D:5:      layout_loops_cross, pdpol_wu_jian_five_deadly_venoms,
          minmay_temple_entry_trees
D:6:      layout_basic, cheibrodos_worm_habitat
D:7:      layout_loops_ring, old_standard_altar, uniq_prince_ribbit1,
          uniq_crazy_yiuf_cottage
D:8:      layout_basic, lemuel_crystal_altar, hangedman_ranch
          [blue_anna_fruit_fields]
D:9:      layout_small_grid, enter_bailey_2, hangedman_pestilent_swarm
D:10:     layout_roguey, due_lair_maze_entry_diamond,
          nicolae_trove_entry_crossroad, hangedman_abyss_or_decor_stabs,
          chequers_serial_rivers_micro_e
D:11:     layout_roguey, serial_shops, shop, nzn_sisyphean_effort
D:12:     layout_irregular_city, orc_0_dummy, kennysheep_nondescript,
          grunt_ministairs_1
D:13:     layout_roguey, serial_shops, nicolae_shop_trees
D:14:     layout_long_grid, david_vaults_1, chequers_serial_rivers_large_b,
          eino_jars
D:15:     gammafunk_depths_entry_grave, layout_layer_cave, serial_shops, shop,
          serial_rivers, chequers_serial_rivers_room_b,
          chequers_serial_rivers_micro_e, chequers_serial_rivers_marsh,
          chequers_serial_rivers_micro_a, minmay_misc_feat_encased, uniq_louise
Lair:1:   layout_cave_pods, serial_bayou_shore_a
Lair:2:   layout_cave_pods, nicolae_swamp_entry_splash_gauntlet, minivault_23,
          serial_bayou_ford_a, uniq_urug, uniq_maggie, uniq_harold
Lair:3:   layout_hall_layers
Lair:4:   layout_roguey, minmay_snake_entry_guardpost_small, special_room
          [special_room_mythical_zoo], roderic_carrion_pond,
          infiniplex_staircase_pool_2
Lair:5:   layout_cellular_growth, minmay_lindwurm_lava
Lair:6:   guppyfry_lair_end_dragon, layout_cave_pods, hangedman_lair_in_review,
          minmay_slime_entry_jelly_boxes
Swamp:1:  layout_basic_swamp, nicolae_swamp_ascending_descending_big
Swamp:2:  layout_basic_swamp, serial_swamp_ruin, evilmike_swamp_ruin_rubble_2,
          evilmike_swamp_ruin_house_4, swamp_pool3
Swamp:3:  cheibrodos_swamp_monstrosity, layout_falls_marsh,
          nicolae_swamp_oxbows, swamp_pool1
Swamp:4:  swamp_alternative, layout_basic_swamp, swamp_pool5,
          nicolae_swamp_trees_clearing, uniq_aizul
Snake:1:  layout_onion_interference, minmay_shoptagon, lemuel_fruit_tree,
          uniq_josephine
Snake:2:  layout_misc_corridors, serial_shops, shop_fountains, shop_statue,
          nicolae_shop_overgrown_old_shop, shop, special_room,
          grunt_ministairs_15, grunt_megastairs_3
Snake:3:  layout_misc_corridors, nrook_guardian_serpent_ordinary
Snake:4:  snake_pit_salamanders_mu, layout_layer_cave, serial_shops, shop,
          serial_bayou_shore_b
Orc:1:    layout_diamond_mine, mines5_lemuel, uniq_snorg, uniq_sonja
Orc:2:    st_orc_ogre_mass, layout_diamond_mine

Skill      XL: |  1  2  3  4  5  6  7  8  9 10 11 12 13 14 15 16 17 18 |
---------------+-------------------------------------------------------+-----
Axes           | 4 5 6 7 8 9 11 13 14 15 17 18 | 18.0
Fighting       | 10 11 12 13 15 16 17 | 17.5
Armour         | 6 9 10 11 12 14 15 16 | 16.4
Dodging        | 8 12 | 12.5
Shields        | 4 12 14 16 | 16.4
Evocations     | 5 7 11 | 11.1
Crossbows      | 5 7 9 |  9.7
Throwing       | |  2.0

Action                   |  1- 3 |  4- 6 |  7- 9 | 10-12 | 13-15 | 16-18 || total
-------------------------+-------+-------+-------+-------+-------+-------++-------
Melee: War axe           |    59 |    63 |   244 |   475 |   830 |    79 ||  1750
       Headbutt          |     1 |    16 |    53 |   113 |   209 |   161 ||   553
       Dagger            |       |    20 |    10 |       |       |       ||    30
       Flail             |       |       |    10 |       |       |       ||    10
       Broad axe         |       |       |       |       |       |   556 ||   556
       Hand crossbow     |       |       |       |       |       |     5 ||     5
 Fire: Hand crossbow     |       |       |       |    74 |   372 |   729 ||  1175
Invok: Lunge             |       |     2 |    22 |    18 |    31 |    31 ||   104
       Whirlwind         |       |       |     8 |    10 |    48 |    29 ||    95
       Heavenly Storm    |       |       |       |       |     1 |     1 ||     2
 Abil: Wall Jump         |       |       |       |       |     1 |       ||     1
Evoke: Wand              |       |       |       |    24 |    11 |    27 ||    62
       Condenser vane    |       |       |       |     2 |     5 |     8 ||    15
       Tin of tremorston |       |       |       |     1 |     8 |    13 ||    22
       Box of beasts     |       |       |       |       |     4 |     5 ||     9
  Use: Potion            |       |       |     6 |     4 |     7 |     5 ||    22
       Scroll            |       |       |    13 |    15 |     7 |     9 ||    44
 Stab: Invisible         |       |       |       |       |     2 |       ||     2
       Paralysed         |       |       |       |       |       |     9 ||     9
       Distracted        |       |       |       |       |       |     1 ||     1
Armor: Leather armour    |    18 |     7 |       |       |       |       ||    25
       Ring mail         |       |    24 |    10 |       |       |       ||    34
       Skin              |       |       |    17 |       |       |       ||    17
       Pearl dragon scal |       |       |   100 |   163 |   343 |   427 ||  1033
Dodge: Dodged            |    31 |    67 |   118 |   227 |   408 |   381 ||  1232
Block: Buckler           |       |     3 |    32 |    99 |     6 |       ||   140
       Kite shield       |       |       |       |       |   670 |   722 ||  1392

Table legend: (Time is in decaauts)
 A = Elapsed time spent in this place.
 B = Non-inter-level travel time spent in this place.
 C = Inter-level travel time spent in this place.
 D = Time resting spent in this place.
 E = Time spent auto-exploring this place.
 F = Levels seen in this place.
 G = Mean time per level.
                   A        B        C        D        E       F      G
               +--------+--------+--------+--------+--------+-----+--------+
         Total |  54166 |  51656 |   2510 |  21610 |  21484 |  31 | 1747.3 |
       Dungeon |  22181 |  21059 |   1122 |   7035 |  10675 |  15 | 1478.7 |
          Lair |  13932 |  13341 |    591 |   6742 |   4767 |   6 | 2322.0 |
         Swamp |   6179 |   5961 |    218 |   2855 |   2019 |   4 | 1544.8 |
     Snake Pit |   8167 |   7852 |    315 |   3460 |   2700 |   4 | 2041.8 |
  Orcish Mines |   3706 |   3444 |    262 |   1517 |   1320 |   2 | 1853.0 |
               +--------+--------+--------+--------+--------+-----+--------+

Top non-repeatable levels by time:
  Lair:6: 5262 daAuts
     D:8: 3384 daAuts
 Snake:4: 3284 daAuts
  Lair:2: 3199 daAuts
     D:2: 2594 daAuts
 Snake:2: 2420 daAuts
    D:15: 2306 daAuts
 Swamp:1: 2118 daAuts
 Swamp:3: 2031 daAuts
   Orc:2: 1854 daAuts
   Orc:1: 1851 daAuts
     D:3: 1686 daAuts
    D:10: 1673 daAuts
  Lair:4: 1670 daAuts
     D:9: 1442 daAuts
